 Dungeon Crawl Stone Soup version 0.17-a0-1596-g1e86911 (webtiles) character file.

1505 urechis the Grappler (level 8, -2/83 HPs)
             Began as a Troll Monk on July 31, 2015.
             Slain by Duvessa
             ... wielding a +0 short sword of venom
              (6 damage)
             ... on level 5 of the Dungeon.
             The game lasted 00:06:59 (3519 turns).

urechis the Grappler (Troll Monk)                   Turns: 3519, Time: 00:07:00

Health: -2/83      AC:  7    Str: 20    XL:     8   Next: 52%
Magic:  7/7        EV: 10    Int:  6    God:
Gold:   121        SH:  0    Dex: 14    Spells: 0 memorised, 7 levels left

rFire  . . .     SeeInvis .       - Unarmed
rCold  . . .     Clarity  +     a - +0 robe
rNeg   + . .     SustAt   .     (no shield)
rPois  .         Gourm    +     (helmet restricted)
rElec  .         Spirit   .     (no cloak)
rCorr  .         Warding  .     (gloves unavailable)
rMut   .         Stasis   .     (boots unavailable)
MR     .....                    l - amulet of clarity
Stlth  ++........               q - ring of positive energy
                                p - +2 ring of protection

@: lethally poisoned (-2 -> -28), not resistant to hostile enchantments,
unstealthy
A: unfitting armour, claws 3, fast metabolism 3, gourmand, regeneration 2,
shaggy fur 1, tough skin 2
a: no special abilities


You were on level 5 of the Dungeon.
You were full.

You visited 1 branch of the dungeon, and saw 5 of its levels.

You collected 254 gold pieces.
You spent 133 gold pieces at shops.

Inventory:

Missiles
 k - 3 throwing nets (quivered)
Armour
 a - a +0 robe (worn)
Jewellery
 l - an amulet of clarity (around neck)
 p - a +2 ring of protection (left claw)
 q - a ring of positive energy (right claw)
Magical devices
 w - a wand of fire (9)
 B - a wand of slowing (21)
 F - a wand of frost (28)
Scrolls
 c - 2 scrolls of magic mapping
 f - a scroll of amnesia
 n - 2 scrolls of teleportation {unknown}
 s - 2 scrolls of noise {unknown}
 t - a scroll of blinking {unknown}
 y - a scroll of fog {unknown}
 z - a scroll of enchant weapon
 A - 2 scrolls of identify
 C - a scroll of remove curse
Potions
 e - a potion of might {unknown}
 g - a potion of heal wounds {unknown}
 h - a potion of ambrosia {unknown}
 i - a potion of flight {unknown}
 j - 4 potions of cancellation
 m - a potion of lignification {unknown}
 u - a potion of agility {unknown}
 v - a potion of magic {unknown}
 E - a potion of berserk rage {unknown}
Comestibles
 b - 3 bread rations
 o - a royal jelly
 r - a beef jerky
 D - 16 fruits
 G - a meat ration


   Skills:
 + Level 5.7 Fighting
 - Level 2.4 Dodging
 - Level 1.1 Stealth
 * Level 9.6 Unarmed Combat


You had 7 spell levels left.
You didn't know any spells.

Dungeon Overview and Level Annotations

Branches:
Dungeon (5/15)             Temple (0/1) D:4

Altars:
Dithmenos

Shops:
D:4 *

Annotations:
D:5 Duvessa


Innate Abilities, Weirdness & Mutations

You are too large for most types of armour.
You have claws for hands.
Your metabolism is lightning-fast.
You like to eat raw meat.
You heal very quickly.
You are covered in fur (AC +1).
You have very tough skin (AC +2).


Message History

Duvessa hits you with a short sword of venom.
* * * LOW HITPOINT WARNING * * *
You are poisoned.
Duvessa hits you with a short sword of venom.
* * * LOW HITPOINT WARNING * * *
You are lethally poisoned!
Drink which item? (? for menu, Esc to quit)
It was a potion of cancellation.
You feel magically purged.
* * * LOW HITPOINT WARNING * * *
You feel sick. Duvessa hits you but does no damage.
You are more poisoned.
You closely miss Duvessa.
Duvessa is heavily wounded.
* * * LOW HITPOINT WARNING * * *
You feel sick.
Duvessa hits you with a short sword of venom.
* * * LOW HITPOINT WARNING * * *
You are more poisoned.
Duvessa hits you with a short sword of venom.
You die...

#. ##. ##..#### .
.......###############..
........................
.....................!#
....................####
..........).#...@e......
#................)......
........................
........................
........................
............$.........<.
#####....##...?.........
# ##########..........
##


You could see Duvessa (berserk).

Vanquished Creatures
  6 yaks
  The ghost of Urgaas the Cudgeler, an average DsBe of Trog (D:4)
  An ice beast (D:5)
  A black bear (D:5)
  A scorpion (D:5)
  Dowan (D:5)
  An orc wizard (D:4)
  A hound (D:5)
  Natasha (thrice) (D:3)
  A worker ant (D:4)
  4 adders
  A shadow imp (D:5)
  An ooze (D:3)
  An adder zombie (D:5)
  A worm (D:2)
  7 orcs
  2 ball pythons
  5 bats
  2 giant cockroaches
  8 goblins
  6 hobgoblins
  3 jackals (D:3)
  9 kobolds
  4 giant geckos
  3 giant newts
  4 rats
78 creatures vanquished.

Notes
Turn   | Place    | Note
--------------------------------------------------------------
     0 | D:1      | urechis the Troll Monk began the quest for the Orb.
     0 | D:1      | Reached XP level 1. HP: 22/22 MP: 0/0
   252 | D:1      | Reached XP level 2. HP: 27/29 MP: 1/1
   811 | D:2      | Reached XP level 3. HP: 27/36 MP: 2/2
  1260 | D:2      | Reached skill level 5 in Unarmed Combat
  1260 | D:2      | Reached XP level 4. HP: 41/45 MP: 3/3
  1834 | D:3      | Noticed Natasha
  1839 | D:3      | Killed Natasha
  1921 | D:3      | Noticed Natasha
  1925 | D:3      | Killed Natasha
  1974 | D:3      | Noticed Natasha
  1982 | D:3      | Killed Natasha
  2327 | D:4      | Found Hogaad's Assorted Antiques.
  2335 | D:4      | Found a shadowy altar of Dithmenos.
  2342 | D:4      | Bought a scratched pearl ring for 95 gold pieces
  2342 | D:4      | Bought a scroll labeled XISHRIU DYCIGO for 19 gold pieces
  2342 | D:4      | Bought a scroll labeled MAFREA MIACH for 19 gold pieces
  2392 | D:4      | Reached XP level 5. HP: 15/53 MP: 4/4
  2538 | D:4      | Found a staircase to the Ecumenical Temple.
  2701 | D:4      | Noticed Urgaas's ghost (average DsBe)
  2712 | D:4      | Killed Urgaas's ghost
  2712 | D:4      | Reached skill level 6 in Unarmed Combat
  2712 | D:4      | Reached XP level 6. HP: 37/62 MP: 5/5
  2996 | D:5      | Entered Level 5 of the Dungeon
  3102 | D:5      | Noticed a yak
  3103 | D:5      | Noticed a yak
  3103 | D:5      | Noticed a yak
  3104 | D:5      | Noticed a yak
  3104 | D:5      | Noticed a yak
  3115 | D:5      | Killed a yak
  3115 | D:5      | Reached skill level 7 in Unarmed Combat
  3115 | D:5      | Reached XP level 7. HP: 63/71 MP: 6/6
  3120 | D:5      | Noticed a yak
  3130 | D:5      | Killed a yak
  3138 | D:5      | Killed a yak
  3138 | D:5      | Reached skill level 5 in Fighting
  3138 | D:5      | Reached skill level 8 in Unarmed Combat
  3143 | D:5      | Killed a yak
  3143 | D:5      | Reached XP level 8. HP: 27/80 MP: 7/7
  3213 | D:4      | Killed a yak
  3232 | D:4      | Reached skill level 9 in Unarmed Combat
  3376 | D:5      | Killed a yak
  3494 | D:5      | Noticed Dowan
  3497 | D:5      | Noticed Duvessa
  3506 | D:5      | Killed Dowan
  3519 | D:5      | HP: 4/83 [Duvessa/short sword of venom (3)]
  3519 | D:5      | Slain by Duvessa

Vault maps used:
D:1:      wheals_arrival_linesprint, kennysheep_doodads
D:3:      first_bread, uniq_natasha
D:4:      temple_fountains, serial_shops, nicolae_shop_crystal,
          dk_noncrumbling_4, hangedman_decor_slide_cut, dk_vineyard_2,
          grunt_dithmenos_smoke
D:5:      uniq_duvessa, uniq_edmund

Action                   |  1- 3 |  4- 6 |  7- 9 || total
-------------------------+-------+-------+-------++-------
Melee: Unarmed           |    77 |    87 |    62 ||   226
  Use: Scroll            |     4 |     1 |       ||     5
       Potion            |       |     1 |     5 ||     6
 Stab: Sleeping          |     1 |     1 |       ||     2
       Distracted        |       |     1 |       ||     1
  Eat: Chunk             |     8 |    19 |     7 ||    34
